 Dungeon Crawl Stone Soup version 0.29-a0-40-g8eb35efe60 (webtiles) character file.

Game seed: 14826806522252896171

772 blank1 the Magician (level 8, 0/58 HPs)
             Began as a Djinni Fire Elementalist on Feb 1, 2022.
             Was an Initiate of Makhleb.
             Slain by a gnoll sergeant (7 damage)
             ... on level 5 of the Dungeon on Feb 2, 2022.
             The game lasted 00:19:55 (6084 turns).

blank1 the Magician (Djinni Fire Elementalist)      Turns: 6084, Time: 00:19:57

Health: 0/58       AC:  3    Str:  7    XL:     8   Next: 9%
Gold:   200        EV: 13    Int: 20    God:    Makhleb [......] SH:  0 Dex: 13

rFire   + + .      SeeInvis .   j - +0 dagger (venom)
rCold   x . .      Faith    .   (no shield)
rNeg    + . .      Spirit   .   a - +0 robe
rPois   ∞          Reflect  .   (no helmet)
rElec   .          Harm     .   (no cloak)
rCorr   .          Rampage  .   r - +0 pair of gloves
Will    .....                   (boots unavailable)
Stlth   ++........              (no amulet)
HPRegen 0.19/turn               d - ring of positive energy
MPRegen 0.00/turn               (no ring)

@: flying
A: sickness immunity, fire resistance 2, cold vulnerability 1, float, innate
caster, HP casting, extra vitality 1
a: Renounce Religion


You were on level 5 of the Dungeon.
You worshipped Makhleb.
Makhleb was noncommittal.
You visited 2 branches of the dungeon, and saw 6 of its levels.

You collected 200 gold pieces.

Inventory:

Hand Weapons
 j - a +0 dagger of venom (weapon)
Armour
 a - a +0 robe (worn)
 r - a +0 pair of gloves (worn)
Jewellery
 d - a ring of positive energy (left hand)
Wands
 g - a wand of iceblast (4)
 m - a wand of acid (4)
Scrolls
 e - a scroll of enchant armour {unknown}
 h - a scroll of blinking {unknown}
 i - 2 scrolls of teleportation {unknown}
 k - a scroll of vulnerability {unknown}
 l - a scroll of holy word {unknown}
 n - a scroll of enchant weapon {unknown}
 o - 2 scrolls of magic mapping
 q - a scroll of summoning {unknown}
Potions
 b - a potion of attraction
 f - a potion of curing
 s - a potion of mutation {unknown}
 t - a potion of haste


   Skills:
 - Level 4.0 Fighting
 - Level 4.0 Dodging
 - Level 3.0 Stealth
 + Level 5.1 Spellcasting


You couldn't memorise any spells.
You knew the following spells:

 Your Spells              Type           Power      Damage    Failure   Level
a - Foxfire               Conj/Fire      100%       2x1d9     1%          1
b - Scorch                Fire           50%        2d7       1%          2
c - Conjure Flame         Conj/Fire      25%        6-21      4%          3
d - Inner Flame           Hex/Fire       25%        N/A       4%          3
e - Flame Wave            Conj/Fire      25%        2d7       14%         4
f - Sting                 Tmut/Pois      100%       1d8       1%          1
g - Static Discharge      Conj/Air       25%        N/A       1%          2
h - Gell's Gravitas       Tloc           25%        N/A       4%          3
Your spell library was empty.

Dungeon Overview and Level Annotations

Branches:
Dungeon (5/15)             Temple (1/1) D:4

Altars:
Ashenzari
Dithmenos
Hepliaklqana
Makhleb
Okawaru
Qazlal
Sif Muna
Vehumet
Xom
The Shining One

Annotations:
D:4 1 runed translucent door, Crazy Yiuf


Innate Abilities, Weirdness & Mutations

You are immune to sickness and miasma.
You are immune to poison.
Your flesh is very heat resistant. (rF++)
You are vulnerable to cold. (rC-)
You float through the air rather than walking.
You learn spells naturally, not from books.
Your magical power is your life essence.
You have superior vitality. (+4 MHP)


Message History

Flames lash the gnoll.
The gnoll is burned terribly!
You kill the gnoll!
Makhleb accepts your kill.
The gnoll shouts!
A gnoll comes into view. It is wielding a +0 flail.
Unknown command.
Casting: Scorch (safe; 1% risk of failure)
Confirm with . or Enter, or press ? or * to list all spells.
Flames lash the gnoll.
The gnoll is severely wounded.
The gnoll's fire resistance burns away.
The gnoll sergeant hits you from afar with a +0 spear!
Casting: Scorch (safe; 1% risk of failure)
Confirm with . or Enter, or press ? or * to list all spells.
Flames lash the gnoll sergeant.
The gnoll sergeant is heavily wounded.
The gnoll sergeant hits you from afar with a +0 spear!
Casting: Scorch (safe; 1% risk of failure)
Confirm with . or Enter, or press ? or * to list all spells.
Flames lash the gnoll sergeant.
The gnoll sergeant is burned terribly!
The gnoll sergeant is almost dead.
* * * LOW HITPOINT WARNING * * *
The gnoll sergeant hits you from afar with a +0 spear.
* * * LOW HITPOINT WARNING * * *
Casting: Scorch (safe; 1% risk of failure)
Confirm with . or Enter, or press ? or * to list all spells.
Flames lash the howler monkey zombie.
The howler monkey zombie is moderately damaged.
The howler monkey zombie's fire resistance burns away.
* * * LOW HITPOINT WARNING * * *
You hear a shout!
The gnoll sergeant misses you.
Casting: Scorch (safe; 1% risk of failure)
Confirm with . or Enter, or press ? or * to list all spells.
Flames lash the howler monkey zombie.
The howler monkey zombie is burned terribly!
The howler monkey zombie is heavily damaged.
* * * LOW HITPOINT WARNING * * *
The gnoll sergeant hits you from afar with a +0 spear!
You die...

### Z.. ##..
##.<..##############
#....gZg.@.........#
##...g####.###.###.#
... ##.# #.# #.###.#
#.# . # #.# #..##.#
#.. . #.# ##.##.#
... .## ##+##
#.####.##.# #.# ..#
##...## #.........#
#.# #.# ##.....##
######.#### #.# ..#
##.......##
##.#.##### ##.#


You could see a gnoll sergeant (combustible), 2 gnolls and a howler monkey
zombie (combustible).

Vanquished Creatures
  Eustachio (D:4)
  Menkaure (D:5)
  A black bear (D:4)
  A scorpion (D:5)
  An orc priest (D:5)
  A hound (D:5)
  3 iguanas
  An orc wizard (D:5)
  2 gnolls
  2 howler monkey skeletons
  5 adders
  An adder skeleton (D:4)
  3 worms
  6 dart slugs
  7 orcs
  7 ball pythons
  6 endoplasms
  4 giant cockroaches
  6 goblins
  8 hobgoblins
  4 jackals
  7 kobolds
  9 quokkas
  A bat (D:2)
  7 frilled lizards
  8 rats
103 creatures vanquished.

Vanquished Creatures (collateral kills)
  3 foxfires (D:1)
3 creatures vanquished.

Vanquished Creatures (others)
  283 foxfires
  A fungus (D:4)
284 creatures vanquished.

Grand Total: 390 creatures vanquished

Notes
Turn   | Place    | Note
-------+----------+-------------------------------------------
     0 | D:1      | blank1 the Djinni Fire Elementalist began the quest for the
                  | Orb.
     0 | D:1      | Reached XP level 1. HP: 15/15 MP: 0/0
   200 | D:1      | Reached XP level 2. HP: 15/22 MP: 0/0
   519 | D:1      | Found a faded altar of an unknown god.
   530 | D:1      | Reached skill level 1 in Fighting
   563 | D:1      | Reached XP level 3. HP: 26/27 MP: 0/0
   563 | D:1      | Learned a level 1 spell: Sting
  1799 | D:2      | Reached skill level 3 in Spellcasting
  1799 | D:2      | Reached XP level 4. HP: 27/32 MP: 0/0
  3258 | D:3      | Reached XP level 5. HP: 35/38 MP: 0/0
  3258 | D:3      | Learned a level 2 spell: Static Discharge
  3659 | D:3      | Found a hazy altar of Hepliaklqana.
  4405 | D:4      | Noticed a black bear
  4414 | D:4      | Killed a black bear
  4415 | D:4      | Reached skill level 4 in Spellcasting
  4415 | D:4      | Reached XP level 6. HP: 33/45 MP: 0/0
  4883 | D:4      | Noticed Eustachio
  4902 | D:4      | Killed Eustachio
  4903 | D:4      | Reached skill level 5 in Spellcasting
  4903 | D:4      | Reached XP level 7. HP: 31/50 MP: 0/0
  4903 | D:4      | Learned a level 3 spell: Gell's Gravitas
  5139 | D:4      | Found a staircase to the Ecumenical Temple.
  5216 | Temple   | Entered the Ecumenical Temple
  5222 | Temple   | Became a worshipper of Makhleb the Destroyer
  5284 | D:4      | Found a glowing golden altar of the Shining One.
  5424 | D:4      | Found a runed translucent door.
  5425 | D:4      | Noticed Crazy Yiuf
  5470 | D:5      | Entered Level 5 of the Dungeon
  5738 | D:5      | Noticed Menkaure
  5742 | D:5      | Killed Menkaure
  5946 | D:5      | Reached XP level 8. HP: 49/58 MP: 0/0
  6084 | D:5      | Slain by a gnoll sergeant

Illustrated notes

Levels and vault maps discovered:
D:1:      psy_arrival_radial01, layout_basic, dreamdust_ecumenical_altar_grove,
          nicolae_wormholes
D:2:      layout_loops_ring
D:3:      layout_rooms, nicolae_hepliaklqana_hazy_memory
D:4:      layout_basic, tso_oasis_becter, temple_hall, uniq_crazy_yiuf_cottage,
          uniq_eustachio
D:5:      layout_loops_corners, uniq_duvessa, uniq_menkaure
Temple:   eino_narrow_crystal_temple

Skill      XL: |  1  2  3  4  5  6  7 |
---------------+----------------------+-----
Fighting       | 1 2 3 4 |  4.0
Stealth        | 2 3 |  3.0
Dodging        | 3 4 |  4.0
Spellcasting   | 3 4 5 |  5.1

Action                   |  1- 3 |  4- 6 |  7- 9 || total
-------------------------+-------+-------+-------++-------
Melee: Dagger            |       |     4 |     6 ||    10
       Punch             |       |     1 |       ||     1
 Cast: Foxfire           |    33 |   118 |    23 ||   174
       Scorch            |    12 |    34 |    27 ||    73
       Conjure Flame     |       |     1 |     3 ||     4
       Gell's Gravitas   |       |       |     2 ||     2
  Use: Scroll            |       |     4 |     2 ||     6
Armor: Robe              |     1 |       |       ||     1
Dodge: Dodged            |     4 |     5 |     5 ||    14

Table legend: (Time is in decaauts)
 A = Elapsed time spent in this place.
 B = Non-inter-level travel time spent in this place.
 C = Inter-level travel time spent in this place.
 D = Time resting spent in this place.
 E = Time spent auto-exploring this place.
 F = Levels seen in this place.
 G = Mean time per level.
                   A        B        C        D        E       F      G
               +--------+--------+--------+--------+--------+-----+--------+
         Total |   6082 |   5804 |    278 |     87 |   5003 |   6 | 1013.7 |
       Dungeon |   6070 |   5797 |    273 |     87 |   5003 |   5 | 1214.0 |
        Temple |     12 |      7 |      5 |      0 |      0 |   1 |   12.0 |
               +--------+--------+--------+--------+--------+-----+--------+

Top non-repeatable levels by time:
     D:1: 1765 daAuts
     D:4: 1642 daAuts
     D:2: 1095 daAuts
     D:3: 954 daAuts
     D:5: 612 daAuts
  Temple: 12 daAuts
